Map: Port Aleksander LE

Players

Scarlett - Winner!

  • Race: Zerg Zerg
  • Spawn Location: 5:00

Dear

  • Race: Protoss Protoss
  • Spawn Location: 11:00

Event: IEM Season 13: Katowice (2019)

VOD

Have the link to the VOD?

Description

Time

  • Played on: March 1, 2019, 10:21 a.m.
  • Length: 7:13

All games in this series

Show
View Real Time Build Order
Export as new Build Order

Scarlett Zerg - Winner!

Build Orders: Hatch First 

Get SALT Encoding   

  12  0:00  Drone  
  13  0:12  Overlord  
  13  0:18  Drone  
  14  0:31  Drone x2  
  16  0:48  Hatchery  
  15  0:52  Drone  
  15  0:56  Drone  
  17  0:59  Drone  
  18  1:10  Extractor  
  17  1:15  Spawning Pool  
  17  1:18  Drone  
  17  1:21  Drone  
  18  1:29  Drone  
  19  1:39  Drone  
  20  1:50  Drone  
  21  1:58  Hatchery  
  21  2:00  Drone x2  
  22  2:08  Queen  
  22  2:15  Overlord  
  24  2:19  Drone  
  25  2:25  Queen  
  27  2:31  Metabolic Boost  
  27  2:34  Drone  
  28  2:37  Drone  
  28  2:39  Zergling x2  
  28  2:41  Zergling x2  
  31  2:48  Queen  
  31  2:51  Drone  
  34  2:52  Drone  
  34  2:57  Overlord  
  35  3:00  Drone  
  36  3:13  Drone  
  36  3:14  Queen, Drone x2  
  41  3:23  Queen  
  41  3:24  Overlord  
  41  3:25  Drone  
  44  3:28  Drone  
  45  3:36  Overlord  
  45  3:37  Drone x3  
  48  3:43  Evolution Chamber  
  48  3:44  Drone, Spore Crawler  
  48  3:48  Overlord  
  47  3:53  Drone x2  
  49  3:57  Drone x3  
  51  4:03  Queen  
  51  4:06  Drone  
  51  4:07  Drone  
  51  4:09  Drone  
  56  4:12  Drone x2  
  56  4:16  Zerg Melee Weapons Level 1  
  58  4:19  Lair  
  58  4:20  Zergling x2  
  59  4:26  Zergling x8  
  63  4:33  Zergling x2  
  63  4:34  Zergling x4  
  66  4:39  Queen  
  66  4:41  Overlord x2  
  66  4:46  Overlord x2  
  66  4:57  Queen  
  66  5:03  Zergling x22  
  66  5:05  Drone x2  
  79  5:07  Drone  
  79  5:08  Drone  
  81  5:16  Queen  
  81  5:18  Nydus Network  
  82  5:23  Zergling x2  
  82  5:24  Zergling x8  
  82  5:26  Queen  
  87  5:30  Zergling x6  
  90  5:39  Zergling x10  
  95  5:45  Overlord x2  
  95  5:48  Zergling x6  
  98  5:54  Nydus Canal  
  92  6:01  Zergling x8  
  93  6:05  Zergling x14  
  93  6:11  Queen x2, Zergling x2  
  100  6:14  Zergling x2  
  100  6:16  Queen  
  104  6:18  Zergling x2  
  104  6:22  Nydus Canal  
  104  6:23  Zergling x2  
  103  6:27  Zergling x10  
  102  6:39  Zergling x6  
  99  6:46  Zergling x2  
  99  6:47  Zergling x8  
  100  6:54  Zergling x4  
Show
View Real Time Build Order
Export as new Build Order

Dear Protoss 

Build Orders: 1 Gate Expand, Oracle Opening, Zealot Archon, Archon Drop 

Get SALT Encoding   

  12  0:00  Probe  
  13  0:12  Probe  
  14  0:20  Pylon  
  14  0:24  Probe  
  15  0:34  Probe  
  15  0:42  Probe  
  16  0:44  Gateway  
  16  0:47  Assimilator  
  17  0:52  Probe  
  18  1:04  Probe  
  19  1:16  Probe  
  20  1:25  Nexus  
  20  1:29  Probe  
  21  1:39  Cybernetics Core  
  21  1:45  Assimilator  
  21  1:48  Probe  
  22  1:55  Pylon  
  22  2:00  Probe  
  23  2:06  Adept  
  23  2:13  Probe  
  24  2:18  Stargate  
  26  2:25  Probe  
  26  2:27  Warp Gate  
  27  2:34  Probe x2  
  27  2:40  Stalker  
  27  2:42  Probe x2  
  33  2:51  Probe  
  33  2:52  Probe  
  33  2:55  Oracle  
  35  3:03  Probe  
  35  3:04  Probe  
  40  3:10  Pylon  
  40  3:16  Probe  
  40  3:17  Probe  
  40  3:18  Adept  
  44  3:25  Assimilator, Oracle  
  44  3:27  Assimilator  
  44  3:28  Probe  
  44  3:29  Probe  
  46  3:40  Probe  
  46  3:41  Probe  
  51  3:45  Gateway  
  51  3:49  Pylon  
  51  3:52  Probe  
  51  3:53  Probe  
  53  3:57  Robotics Facility  
  53  4:05  Probe  
  53  4:07  Probe  
  53  4:09  Twilight Council  
  55  4:17  Probe  
  56  4:19  Probe  
  56  4:22  Gateway  
  57  4:24  Gateway  
  57  4:29  Gateway, Charge  
  57  4:34  Gateway, Warp Prism  
  56  4:49  Templar Archives  
  56  4:58  Zealot  
  58  5:00  Zealot  
  60  5:09  Pylon  
  60  5:11  Observer  
  60  5:14  Nexus  
  61  5:17  Pylon  
  61  5:28  Zealot  
  63  5:32  Pylon, High Templar x2  
  63  5:33  High Templar  
  69  5:36  High Templar  
  69  5:37  Archon  
  69  5:40  Archon  
  69  5:41  Zealot  
  69  5:42  Pylon  
  73  5:43  Probe x2  
  75  5:52  Pylon  
  75  6:03  Shield Battery  
  65  6:05  Shield Battery, High Templar x2  
  65  6:06  Zealot x3  
  65  6:08  Shield Battery  
  65  6:11  Shield Battery, Archon  
  75  6:13  Zealot  
  75  6:22  Shield Battery  
  72  6:27  Immortal  
  64  6:38  Zealot x2, Pylon  
  56  7:00  Zealot  
  50  7:01  Zealot x2  

Tags
 
Add a new tag
Caveats
  • Supply blocks, unpowered buildings, or Contaminate may cause inaccurate times.
  • Supply counts are checked every 10 seconds.